 Dungeon Crawl Stone Soup version 0.28-a0-674-gdaf460b524 (webtiles) character file.

Game seed: 5566888603986869549

2 hellse the Sneak (level 1, 11/11 HPs)
             Began as a Vine Stalker Delver on Oct 17, 2021.
             Quit the game on level 5 of the Dungeon.
             The game lasted 00:00:46 (390 turns).

hellse the Sneak (Vine Stalker Delver)               Turns: 390, Time: 00:00:47

Health: 11/11      AC:  4    Str: 14    XL:     1   Next: 40%
Magic:  2/2        EV: 11    Int: 10    God:
Gold:   9          SH:  0    Dex: 15    Spells: 0/0 levels left

rFire   . . .      SeeInvis .     - Unarmed
rCold   . . .      Faith    .   (no shield)
rNeg    . . .      Spirit   +   a - +0 leather armour
rPois   .          Reflect  .   (no helmet)
rElec   .          Harm     .   (no cloak)
rCorr   .          Rampage  .   c - +0 pair of gloves
Will    .....                   (no boots)
Stlth   +++.......              (no amulet)
HPRegen 0.03/turn               (no ring)
MPRegen 0.08/turn               (no ring)

@: no status effects
A: fangs 2, magic shield, antimagic bite, no potion heal 2
a: no special abilities


You were on level 5 of the Dungeon.
You visited 1 branch of the dungeon, and saw 2 of its levels.

You collected 9 gold pieces.

Inventory:

Armour
 a - a +0 leather armour (worn)
 c - a +0 pair of gloves (worn)
Wands
 f - a wand of digging (3)
Scrolls
 b - a scroll of fog
 d - a scroll of fear
Potions
 e - a potion of haste


   Skills:
 + Level 2.7 Fighting
 + Level 1.6 Dodging
 + Level 6.0 Stealth
 + Level 2.0 Unarmed Combat


You couldn't memorise any spells.
You didn't know any spells.
Your spell library contained the following spells:

 Spells                   Type           Power      Damage    Failure   Level
 Sublimation of Blood     Necr           0%         N/A       58%         2
 Petrify                  Tmut/Erth      0%         N/A       99%         4
 Irradiate                Conj/Tmut      0%         3d13      100%        5


Dungeon Overview and Level Annotations

Branches:
Dungeon (5/15)
 Temple: D:4-7

Altars:
Makhleb


Innate Abilities, Weirdness & Mutations

You have extremely sharp teeth.
When hurt, damage is shared between your health and your magic reserves.
Your bite disrupts and absorbs the magic of your enemies.
Potions cannot restore your health.


Message History

You see here 19 gold pieces.
The goblin shouts!
The goblin closely misses you.
You barely miss the goblin. The goblin hits you but does no damage.
You barely miss the goblin. The goblin hits you with a +0 dagger.
You hit the goblin but do no damage. Your bite misses the goblin.
The goblin misses you.
You completely miss the goblin. Your bite misses the goblin.
The goblin completely misses you.
You closely miss the goblin. You bite the goblin. You drain its power.
The goblin is moderately wounded.
The goblin hits you but does no damage.
You hit the goblin.
The goblin is heavily wounded.
The goblin hits you with a +0 dagger.
You barely miss the goblin. Your bite misses the goblin.
The goblin is heavily wounded.
The goblin closely misses you.
You barely miss the goblin. You bite the goblin. You drain its power.
You feel invigorated.
The goblin is severely wounded.
The goblin hits you but does no damage.
You barely miss the goblin. You bite the goblin.
You kill the goblin!
g - a scroll of magic mapping
Things that are here:
a +0 dagger; a goblin corpse
As you read the scroll of magic mapping, it crumbles to dust.
You feel aware of your surroundings.
Search for what [? for help]?
Okay, then.
There is a stone staircase leading down here.
You climb downwards.
You hear the sound of rushing water.
There is an entrance to a sewer on this level.
Hurry and find it before the portal rusts away!
You hear the brisk rusting of a very distant drain.
There is a stone staircase leading up here.
Search for what [? for help]?
Okay, then.
Are you sure you want to abandon this character and quit the game? (Confirm with "yes".)

***,,,********#.....##,*###.
*****,,,*,,,,,,,,,*#..w..####...
*,,,,,,,,,,*********#.....#.....
*,,,,,,,,,** *#........##
*,,,,,,,,,* ###.....###
****,,,,*** ###........#* *,****
###.....#.....#* *,*
###.....####..h..# *,*
****#@....### ##..... ***,**
***,,,####### #?#...
*,,,,***,,,*** #....#
*,,,,,,,,*** ####.. *,,,,,****
*** *,,,,** *,,,,* *,,,,* *,,,,*


There were no monsters in sight!

Vanquished Creatures
  A goblin (D:4)
  A hobgoblin (D:4)
2 creatures vanquished.

Notes
Turn   | Place    | Note
-------+----------+-------------------------------------------
     0 | D:5      | hellse the Vine Stalker Delver began the quest for the Orb.
     0 | D:5      | Reached XP level 1. HP: 11/11 MP: 2/2
     8 | D:5      | Noticed a howler monkey
    57 | D:4      | Found a burning altar of Makhleb.
   390 | D:5      | Quit the game

Illustrated notes

Levels and vault maps discovered:
D:4:      layout_loops_cross, nicolae_overflow_crystal_walls
D:5:      layout_rooms, cheibrodos_sewer_entry_sluice, serial_shops, shop,
          minmay_crossroads

Action                   || total
-------------------------++-------
Melee: Unarmed           ||    15
       Bite              ||     4
  Use: Scroll            ||     2
 Stab: Sleeping          ||     1
Armor: Leather armour    ||     4
Dodge: Dodged            ||     4

Table legend: (Time is in decaauts)
 A = Elapsed time spent in this place.
 B = Non-inter-level travel time spent in this place.
 C = Inter-level travel time spent in this place.
 D = Time resting spent in this place.
 E = Time spent auto-exploring this place.
 F = Levels seen in this place.
 G = Mean time per level.
                   A        B        C        D        E       F      G
               +--------+--------+--------+--------+--------+-----+--------+
         Total |    389 |    359 |     30 |    255 |     40 |   2 |  194.5 |
       Dungeon |    389 |    359 |     30 |    255 |     40 |   2 |  194.5 |
               +--------+--------+--------+--------+--------+-----+--------+

Top non-repeatable levels by time:
     D:4: 366 daAuts
     D:5: 23 daAuts
